 Dungeon Crawl Stone Soup version 0.26.0-10-g1f06aea511 (webtiles) character file.

Game seed: 17349340006687785117

266 Marvel the Skirmisher (level 6, -9/56 HPs)
             Began as a Minotaur Abyssal Knight on Jan 14, 2021.
             Was a Priest of Lugonu.
             Mangled by Menkaure (12 damage)
             ... on level 4 of the Dungeon.
             The game lasted 00:06:36 (3104 turns).

Marvel the Skirmisher (Minotaur Abyssal Knight)     Turns: 3104, Time: 00:06:37

Health: -9/56      AC: 10    Str: 18    XL:     6   Next: 0%
Magic:  15/15      EV:  7    Int:  9    God:    Lugonu [***...]
Gold:   149        SH:  0    Dex: 10    Spells: 5/5 levels left

rFire    . . .     SeeInvis .   f - +2 hand axe (pain)
rCold    . . .     Faith    .   (no shield)
rNeg     . . .     Spirit   .   p - +1 chain mail {rPois}
rPois    +         Reflect  .   (helmet restricted)
rElec    .         Harm     .   (no cloak)
rCorr    .         Rampage  .   (no gloves)
Will     .....                  (no boots)
Stlth    ..........             (no amulet)
HPRegen  0.18/turn              m - ring of magical power
MPRegen  0.14/turn              (no ring)

@: no status effects
A: retaliatory headbutt, horns 2
a: Renounce Religion, Depart the Abyss, Bend Space, Banish


You were on level 4 of the Dungeon.
You worshipped Lugonu.
Lugonu was most pleased with you.
You visited 1 branch of the dungeon, and saw 4 of its levels.
You visited the Abyss 1 time.

You collected 149 gold pieces.

Inventory:

Hand Weapons
 a - a +1 hand axe
 f - a +2 hand axe of pain (weapon)
Missiles
 q - 5 poisoned darts (quivered)
Armour
 b - a +0 leather armour
 g - a +0 plate armour
 p - a +1 chain mail of poison resistance (worn)
Jewellery
 l - a cursed ring of teleportation {unknown}
 m - a ring of magical power (left hand)
Scrolls
 c - a scroll of immolation {unknown}
 d - a scroll of enchant weapon
 h - a scroll of enchant armour
 j - a scroll of teleportation
 n - a scroll of fear {unknown}
 o - a scroll of identify
Potions
 k - 3 potions of degeneration


   Skills:
 + Level 5.3 Fighting
 + Level 5.3 Axes
 + Level 0.9 Throwing
 + Level 4.1 Armour
 - Level 1.1 Dodging
 - Level 1.7 Invocations


You had 5 spell levels left.
You didn't know any spells.
Your spell library was empty.

Dungeon Overview and Level Annotations

Branches:
Dungeon (4/15)
 Temple: D:4-7

Altars:

Annotations:
D:4 Menkaure


Innate Abilities, Weirdness & Mutations

You reflexively headbutt those who attack you in melee.
You have a pair of horns on your head.


Message History

It was a potion of magic.
Magic courses through your body.
You start resting.
Menkaure is nearby!
You barely miss Menkaure.
Menkaure calls on the powers of darkness!
Your body is wracked with pain!
You hit Menkaure. You headbutt Menkaure.
Menkaure is moderately damaged.
Menkaure hits you!!
* * * LOW HITPOINT WARNING * * *
Okay, then.
Okay, then.
Press: ? - help, Shift-Dir - straight line, f - Menkaure
Aim: Menkaure (moderately damaged, chance to affect: 80%)
You fail to use your ability.
You closely miss Menkaure.
You headbutt Menkaure, but do no damage.
Menkaure is moderately damaged.
Menkaure hits you!
You die...

#.##..##### .
..
#..#######.#
#.#
#.#....>.....
#.#
#.###.......>#
....#
##.########
#.# ##........
##M#
##.########
#.###.##
#.#@## ##M##
###


You could see Menkaure.

Vanquished Creatures
  An orc priest (D:3)
  2 worker ants (D:3)
  4 gnolls (D:3)
  A river rat (D:3)
  5 adders
  An ooze (D:2)
  2 worms
  2 dart slugs
  2 leopard geckos (D:1)
  7 orcs (D:3)
  5 ball pythons
  5 giant cockroaches
  6 hobgoblins
  8 kobolds
  5 bats
  8 frilled lizards
  6 goblins
  11 rats
81 creatures vanquished.

Notes
Turn   | Place    | Note
-------+----------+-------------------------------------------
     0 | Abyss:1  | Marvel the Minotaur Abyssal Knight began the quest for the
                  | Orb.
     0 | Abyss:1  | Reached XP level 1. HP: 19/19 MP: 1/1
    25 | D:1      | Escaped the Abyss
   205 | D:1      | Reached XP level 2. HP: 27/27 MP: 2/2
   308 | D:1      | Reached ** piety under Lugonu
   560 | D:1      | Reached XP level 3. HP: 34/34 MP: 3/3
  1472 | D:2      | Reached XP level 4. HP: 40/41 MP: 4/4
  1916 | D:3      | Reached skill level 5 in Fighting
  2098 | D:3      | Reached XP level 5. HP: 42/48 MP: 5/5
  2346 | D:3      | Reached *** piety under Lugonu
  2355 | D:3      | Reached skill level 5 in Axes
  2358 | D:3      | Found a glowing drain.
  3082 | D:4      | Reached XP level 6. HP: 55/56 MP: 6/6
  3094 | D:4      | Noticed Menkaure
  3102 | D:4      | HP: 2/56 [Menkaure (19)]
  3104 | D:4      | Mangled by Menkaure

Illustrated notes

Levels and vault maps discovered:
D:1:      lightli_arrival_chessboard, layout_loops_ring
D:2:      minmay_angry_zag, layout_basic
D:3:      layout_rooms, portal_sewer_entry_a, serial_co_window_serial,
          co_window_cross_1, co_window_corner_a, co_window_corner_a,
          co_window_paths_a, co_window_paths_a, co_window_paths_b,
          co_window_paths_a, co_window_of_opportunity_a, co_window_corner_a,
          co_window_cross_4, co_window_unsneaky_path_a, co_window_corner_ca,
          co_window_unsneaky_path_c, glass_columns_a, grunt_decor_mini_mirrors,
          wander_ebering_terrifying_dragon_lair
D:4:      layout_loops_ring, serial_shops, shop, nicolae_dithmenos_the_darkroom,
          uniq_pikel, uniq_eustachio, uniq_duvessa, uniq_menkaure

Skill      XL: |  1  2  3  4  5 |
---------------+----------------+-----
Fighting       | 4 5 |  5.3
Axes           | 3 4 5 |  5.3
Armour         | 3 4 |  4.1
Throwing       | |  0.9
Dodging        | |  1.1
Invocations    | |  1.7

Action                   |  1- 3 |  4- 6 || total
-------------------------+-------+-------++-------
Melee: Hand axe          |   103 |    93 ||   196
       Headbutt          |    12 |    15 ||    27
Throw: Dart              |       |    18 ||    18
  Use: Scroll            |       |     6 ||     6
       Potion            |       |     2 ||     2
Armor: Leather armour    |     4 |       ||     4
       Plate armour      |    53 |       ||    53
       Chain mail        |     5 |    37 ||    42
Dodge: Dodged            |    32 |    26 ||    58
